 Dungeon Crawl Stone Soup version 0.25-a0-890-g62861fb (webtiles) character file.

Game seed: 12905289250954726233, levelgen mode: deterministic

18 Kurtz the Cudgeler (level 2, -2/24 HPs)
             Began as a Mummy Chaos Knight on May 6, 2020.
             Was a Plaything of Xom.
             Slain by an adder (6 damage)
             ... on level 2 of the Dungeon.
             The game lasted 00:00:36 (1002 turns).

Kurtz the Cudgeler (Mummy Chaos Knight)             Turns: 1002, Time: 00:00:37

Health: -2/24      AC:  6    Str: 17    XL:     2   Next: 48%
Magic:  2/2        EV: 11    Int: 11    God:    Xom [..*...]
Gold:   91         SH:  0    Dex: 11    Spells: 1/1 levels left

rFire    x . .     SeeInvis .   a - +0 mace (chaos)
rCold    + . .     Gourm    .   (no shield)
rNeg     + + +     Faith    .   b - +2 leather armour
rPois    ∞         Spirit   .   (no helmet)
rElec    .         Reflect  .   c - +0 cloak (curse)
rCorr    .         Harm     .   (no gloves)
MR       .....                  (no boots)
Stlth    +.........             (no amulet)
HPRegen  0.08/turn              f - +2 ring of strength
MPRegen  0.08/turn              (no ring)

@: no status effects
A: no food or potions, fire vulnerability, cold resistance 1, negative energy
resistance 3, torment resistance, unbreathing
a: Renounce Religion


You were on level 2 of the Dungeon.
You worshipped Xom.
You were a toy of Xom.
You were not hungry.

You visited 1 branch of the dungeon, and saw 2 of its levels.

You collected 91 gold pieces.

Inventory:

Hand Weapons
 a - a +0 mace of chaos (weapon)
Armour
 b - a +2 leather armour (worn)
 c - a cursed +0 cloak (worn)
Jewellery
 f - a +2 ring of strength (left hand)
Scrolls
 d - a scroll of fear {unknown}
 e - a scroll of enchant weapon {unknown}
 g - 2 scrolls of fog {unknown}
 h - 2 scrolls of identify {unknown}
 i - a scroll of blinking {unknown}
 j - a scroll of magic mapping {unknown}


   Skills:
 - Level 3.0 Fighting
 * Level 3.2 Maces & Flails
 - Level 1.5 Armour
 - Level 0.7 Dodging


You had one spell level left.
You didn't know any spells.
Your spell library was empty.

Dungeon Overview and Level Annotations

Branches:
Dungeon (2/15)

Altars:


Innate Abilities, Weirdness & Mutations

You do not eat or drink.
Your flesh is vulnerable to fire.
You are immune to poison.
Your flesh is cold resistant. (rC+)
You are immune to negative energy. (rN+++)
You are immune to unholy pain and torment.
You can survive without breathing.


Message History

The adder bites you. The adder barely misses you.
You are too injured to fight recklessly!
You are too injured to fight recklessly!
You are too injured to fight recklessly!
An adder is nearby!
You barely miss the adder.
The adder is lightly wounded.
The adder completely misses you. The adder bites you.
You miss the adder.
The adder is lightly wounded.
The adder misses you.
You barely miss the adder.
The adder is lightly wounded.
The adder misses you. The adder bites you.
* * * LOW HITPOINT WARNING * * *
Unknown command.
You barely miss the adder. The adder closely misses you.
You closely miss the adder.
The adder bites you but does no damage. x2
You hit the adder but do no damage. The adder bites you.
You die...

#.# #. #.# #. #.# #. #.# #. #.#
#. #.# #. #.# #.
###############.#######.
......S@.....##.......#.
##.#########.##.......#.
#.#########.##.......#.
#..............#######.
######....#.###.......
##############.......#.###.####..
.................................
.....#########.......#.###.####..
.....# #########..##.# #..


You could see an adder.

Vanquished Creatures
  A dart slug (D:1)
  3 bats (D:1)
  3 giant cockroaches
  2 hobgoblins (D:1)
  A kobold (D:1)
  A frilled lizard (D:2)
  A goblin (D:2)
  3 rats
15 creatures vanquished.

Notes
Turn   | Place    | Note
-------+----------+-------------------------------------------
     0 | D:1      | Kurtz the Mummy Chaos Knight began the quest for the Orb.
     0 | D:1      | Reached XP level 1. HP: 18/18 MP: 1/1
   138 | D:1      | XOM: potion effect (curing)
   140 | D:1      | XOM: potion effect (might)
   251 | D:1      | XOM: silly message
   253 | D:1      | Reached XP level 2. HP: 23/24 MP: 2/2
   400 | D:1      | XOM: divination: detect items
  1002 | D:2      | Slain by an adder

Levels and vault maps discovered:
D:1:      dpeg_arrival_three_smaller_balls, layout_basic,
          chequers_serial_rivers_small_3
D:2:      layout_basic, first_ration

Skill      XL: |  1 |
---------------+----+-----
Maces & Flails | 3 |  3.2
Fighting       | |  3.0
Armour         | |  1.5
Dodging        | |  0.7

Action                   || total
-------------------------++-------
Melee: Mace              ||    47
Armor: Leather armour    ||    15
Dodge: Dodged            ||    28

Table legend:
 A = Non-vault XP
 B = Vault XP
 C = Vault XP percentage of total XP
 D = Non-vault monster count
 E = Vault monster count
 F = Vault count percentage of total count
                 A         B        C        D         E       F
            +---------+---------+-------+---------+---------+-------
      Total |      26 |       0 |   0.0 |      15 |       0 |   0.0
            +---------+---------+-------+---------+---------+-------
        D:1 |      21 |       0 |   0.0 |      11 |       0 |   0.0
        D:2 |       5 |       0 |   0.0 |       4 |       0 |   0.0
            +---------+---------+-------+---------+---------+-------
